 Dungeon Crawl Stone Soup version 0.26.1-2-gb8aa6d0cf2 (webtiles) character file.

Game seed: 14328069829558500582

134 Ladykiller69 the Skirmisher (level 5, -10/55 HPs)
             Began as an Ogre Fighter on Mar 19, 2021.
             Killed by nerve-wracking pain
             ... invoked by an orc priest
              (12 damage)
             ... on level 3 of the Dungeon.
             The game lasted 00:04:03 (3445 turns).

Ladykiller69 the Skirmisher (Ogre Fighter)          Turns: 3445, Time: 00:04:05

Health: -10/55     AC:  3    Str: 20    XL:     5   Next: 17%
Magic:  5/5        EV:  8    Int:  9    God:
Gold:   169        SH:  8    Dex:  9    Spells: 4/4 levels left

rFire    . . .     SeeInvis .   a - +0 war axe
rCold    . . .     Faith    .   c - +0 kite shield
rNeg     . . .     Spirit   .   b - +0 robe
rPois    .         Reflect  .   (helmet restricted)
rElec    .         Harm     .   n - scarf {shadows}
rCorr    .         Rampage  .   (gloves unavailable)
Will     .....                  (boots unavailable)
Stlth    +.........             (no amulet)
HPRegen  0.18/turn              (no ring)
MPRegen  0.09/turn              (no ring)

@: mighty
A: large, unfitting armour, tough skin 1
a: no special abilities


You were on level 3 of the Dungeon.
You visited 1 branch of the dungeon, and saw 3 of its levels.

You collected 169 gold pieces.

Inventory:

Hand Weapons
 a - a +0 war axe (weapon)
Missiles
 q - 2 datura-tipped darts (quivered)
Armour
 b - a +0 robe (worn)
 c - a +0 kite shield (worn)
 n - a scarf of shadows (worn)
Scrolls
 f - a scroll of fear {unknown}
 h - a scroll of enchant armour {unknown}
 k - 2 scrolls of identify {unknown}
 l - a scroll of immolation {unknown}
 o - a scroll of enchant weapon {unknown}
 p - a scroll of blinking {unknown}
Potions
 d - a potion of might
 e - 2 potions of invisibility {unknown}
 g - 2 potions of mutation {unknown}
 i - 2 potions of degeneration {unknown}
 j - 2 potions of berserk rage {unknown}
 m - 3 potions of cancellation {unknown}
 r - a potion of lignification {unknown}
 s - a potion of curing {unknown}


   Skills:
 + Level 4.9 Fighting
 * Level 3.7 Axes
 - Level 3.0 Dodging
 + Level 3.4 Shields


You had 4 spell levels left.
You didn't know any spells.
Your spell library was empty.

Dungeon Overview and Level Annotations

Branches:
Dungeon (3/15)

Altars:
Kikubaaqudgha
Sif Muna
Uskayaw


Innate Abilities, Weirdness & Mutations

You are too large for most types of armour.
You have tough skin. (AC +1)


Message History

The orc priest hits you but does no damage.
You hit the orc priest.
The orc priest is moderately wounded.
You closely miss the orc. You slash the orc!
You kill the orc!
The orc priest calls down the wrath of Beogh upon you.
Beogh smites you! The orc hits you with a +0 hand axe.
The orc priest hits you with a +0 mace! The orc barely misses you.
You feel very mighty all of a sudden.
The orc wizard gestures at you while chanting.
The magic dart hits you! The orc priest hits you with a +0 mace!
* * * LOW HITPOINT WARNING * * *
You barely miss the orc priest.
The orc priest is moderately wounded.
Your shield prevents you from hitting the orc.
You hit the orc. You block the orc's attack. The orc hits you with a +0 club.
* * * LOW HITPOINT WARNING * * *
The orc priest invokes the aid of Beogh against you.
Pain shoots through your body!
You die...

#.'..≈≈≈≈≈≈≈≈≈≈≈ ###o#
#......≈♣≈≈♣≈. #....
#.....))≈≈≈≈.... #...#
#......).≈≈..... #....
##.......≈≈.....
#####..# ##......≈≈.....
##.......
##.....≈≈.....##.####..#
##....oo....##..).<#..#
##...@o...####.)..#..#
####'o####..####.#..#
#..#.....####.#..#
##.#.......##.#..#
#.#.##.......#..#
######.#.##....(#.#..#
..................#..#
######.#.######.###...
#.#.# #.# #.##


You could see an orc priest, an orc wizard and 2 orcs.

Vanquished Creatures
  An orc wizard (D:3)
  3 adders
  An ooze (D:1)
  5 dart slugs
  A leopard gecko (D:2)
  5 orcs (D:3)
  12 bats
  A giant cockroach (D:3)
  7 goblins
  5 hobgoblins
  3 jackals (D:2)
  3 kobolds
  2 ball pythons
  5 frilled lizards
  8 rats
62 creatures vanquished.

Notes
Turn   | Place    | Note
-------+----------+-------------------------------------------
     0 | D:1      | Ladykiller69 the Ogre Fighter began the quest for the Orb.
     0 | D:1      | Reached XP level 1. HP: 24/24 MP: 1/1
    45 | D:1      | Reached XP level 2. HP: 30/32 MP: 2/2
   554 | D:1      | Reached XP level 3. HP: 38/40 MP: 3/3
   858 | D:2      | Found a faded altar of an unknown god.
   937 | D:2      | Found a hide-covered altar of Uskayaw.
  1058 | D:2      | Found a shimmering blue altar of Sif Muna.
  1701 | D:2      | Reached XP level 4. HP: 49/49 MP: 4/4
  2411 | D:3      | Found an ancient bone altar of Kikubaaqudgha.
  2998 | D:3      | Reached XP level 5. HP: 21/55 MP: 5/5
  3445 | D:3      | HP: 2/55 [orc/+0 club (5)]
  3445 | D:3      | Killed from afar by an orc priest

Illustrated notes

Levels and vault maps discovered:
D:1:      minmay_arrival_doors, layout_basic, minmay_hexomino_f4
D:2:      layout_basic, eat_drink_and_be_merry_uskayaw,
          chequers_ecumenical_altar_island, lemuel_altar_in_water
D:3:      layout_basic, lemuel_coloured_pillars_altar, minivault_25,
          corexii_leaking_fountain, kennysheep_cross_room

Skill      XL: |  1  2  3 |
---------------+----------+-----
Shields        | 3 |  3.4
Dodging        | 3 |  3.0
Axes           | 3 |  3.7
Fighting       | |  4.9

Action                   |  1- 3 |  4- 6 || total
-------------------------+-------+-------++-------
Melee: War axe           |   119 |    71 ||   190
  Use: Potion            |       |     1 ||     1
Armor: Robe              |    39 |    15 ||    54
Dodge: Dodged            |    44 |    28 ||    72
Block: Kite shield       |    49 |    32 ||    81
